[Event "Early-Titled-Tuesday-Blitz-September-12-2023"]
[Site "Chess.com"]
[Date "2023.09.12"]
[Round "1"]
[White "Iunusovnuriddin"]
[Black "Diaschess88"]
[Result "0-1"]
[WhiteElo "2336"]
[BlackElo "2640"]
[TimeControl "180+1"]
[EndTime "8:05:05 PDT"]
[Termination "Diaschess88 won by resignation"]

1. e4 c5 2. c3 d5 3. exd5 Qxd5 4. d4 Nf6 5. Nf3 e6 6. Be3 Nc6 7. dxc5 Qxd1+ 8. Kxd1 Ng4 9. b4 Nxe3+ 10. fxe3 a5 11.
Bb5 Bd7 12. Bxc6 Bxc6 13. Nd4 Bxg2 14. Rg1 Bd5 15. a4 O-O-O 16. Nd2 e5 17. Nb5 g6 18. Kc2 f5 19. e4 fxe4 20. Rae1 Bh6 21. Nxe4 Bf4 22.
Ned6+ Kb8 23. c4 Bc6 24. Nf7 Rd2+ 25. Kb3 Rf8 26. Nxe5 Bxe5 27. Rxe5 Rf3+ 28. Nc3 axb4 29. Kxb4 Rb2+ 30. Ka3 Rc2 0-1

[Event "Early-Titled-Tuesday-Blitz-September-12-2023"]
[Site "Chess.com"]
[Date "2023.09.12"]
[Round "1"]
[White "FARIZA2018"]
[Black "DenLaz"]
[Result "0-1"]
[WhiteElo "2533"]
[BlackElo "3070"]
[TimeControl "180+1"]
[EndTime "8:05:09 PDT"]
[Termination "DenLaz won by checkmate"]

1. e4 c5 2. Nf3 e6 3. d4 cxd4 4. Nxd4 Nc6 5. Nc3 Qc7 6. Be2 a6 7. O-O Nf6 8. Kh1 Be7 9. Be3 O-O 10. f4 d6 11. Qe1 Nxd4 12. Bxd4 b5 13. e5 dxe5 14.
Bxe5 Qb6 15. Bd3 Bb7 16. Qg3 g6 17. Rae1 b4 18. Ne4 Nxe4 19. Bxe4 Bxe4 20. Rxe4 Rac8 21.
c3 a5 22. Qh3 Rfe8 23. Bd4 Qb5 24. Re3 Qxf1# 0-1

[Event "Early-Titled-Tuesday-Blitz-September-12-2023"]
[Site "Chess.com"]
[Date "2023.09.12"]
[Round "1"]
[White "the-gambler"]
[Black "Firouzja2003"]
[Result "0-1"]
[WhiteElo "2532"]
[BlackElo "3066"]
[TimeControl "180+1"]
[EndTime "8:05:11 PDT"]
[Termination "Firouzja2003 won by resignation"]

1. Nf3 Nf6 2. c4 g6 3. g3 Bg7 4. Bg2 O-O 5. Nc3 d6 6. O-O Nbd7 7. d3 e5 8. Rb1 a5 9. a3 c6 10. b4 axb4 11. axb4 d5 12. cxd5 cxd5 13. Qb3 d4 14. Nd5 Nxd5 15. Qxd5 Nb6 16. Qxd8 Rxd8 17. Bg5 f6 18.
Bd2 Be6 19. Rfc1 Nd5 20. b5 Ra2 21. Ra1 Rda8 22. Rxa2 Rxa2 23. Kf1 Bf8 24. Ke1 Rb2 25. e4 dxe3 26. fxe3 Nxe3 27. Bxe3 Rxg2 28. Rc7 Bg4 29. Ng1 f5 30. Kf1 Rxh2 31. Rxb7 Rb2 32. Rb8 Kf7 33. Rb7+ Ke6 34. b6 f4 35. gxf4 exf4 36. Bd4 Rb4 37. Bc3 Rb3 38. Rb8 Bd6 39. Re8+ Kd7 0-1

[Event "Early-Titled-Tuesday-Blitz-September-12-2023"]
[Site "Chess.com"]
[Date "2023.09.12"]
[Round "1"]
[White "InitiatingASC"]
[Black "SRob2003"]
[Result "0-1"]
[WhiteElo "2340"]
[BlackElo "2642"]
[TimeControl "180+1"]
[EndTime "8:05:11 PDT"]
[Termination "SRob2003 won by resignation"]

1. Nf3 d5 2. d4 Nf6 3. c4 e6 4. Nc3 Bb4 5. e3 O-O 6. Bd3 dxc4 7. Bxc4 c5 8. O-O cxd4 9. exd4 b6 10. Bd3 Bb7 11. Ne5 Nc6 12. Nxc6 Bxc6 13. Bg5 h6 14. Bh4 Be7 15. Rc1 Bb7 16. Bb1 Rc8 17. Qd3 g6 18.
Rfe1 Nh5 19. Rxe6 Nf4 0-1

[Event "Early-Titled-Tuesday-Blitz-September-12-2023"]
[Site "Chess.com"]
[Date "2023.09.12"]
[Round "1"]
[White "SchmakAttack"]
[Black "stasOR4ik"]
[Result "1-0"]
[WhiteElo "2776"]
[BlackElo "2443"]
[TimeControl "180+1"]
[EndTime "8:05:13 PDT"]
[Termination "SchmakAttack won by resignation"]

1. d4 d5 2. Nf3 Nf6 3. e3 e6 4. Bd3 c5 5. b3 Nc6 6. Bb2 a6 7. O-O b5 8. dxc5 Bxc5 9. Nbd2 Bb7 10. a3 O-O 11. Qe2 Qe7 12. e4 dxe4 13. Nxe4 Nxe4 14. Qxe4 g6 15. Qf4 f6 16. Rfe1 e5 17. Qh4 Rae8 18. b4 Bb6 19. c4 Qd7 20. Rad1 Nd4 21.
Nxd4 Bxd4 22. cxb5 axb5 23. Bxd4 exd4 24. Rxe8 Rxe8 25. Qxf6 Qd5 26. Bf1 Rf8 27. Qxd4 Qxd4 28. Rxd4 Ra8 29. Rd3 Kf7 30. Rd7+ Kf6 31. Rxb7 Rxa3 32.
Rxb5 1-0

[Event "Early-Titled-Tuesday-Blitz-September-12-2023"]
[Site "Chess.com"]
[Date "2023.09.12"]
[Round "1"]
[White "h4parah5"]
[Black "skoularikii"]
[Result "1-0"]
[WhiteElo "2946"]
[BlackElo "2511"]
[TimeControl "180+1"]
[EndTime "8:05:14 PDT"]
[Termination "h4parah5 won by checkmate"]

1. Nf3 d5 2. b4 Nf6 3. Bb2 Nbd7 4. e3 g6 5. c4 c6 6. cxd5 cxd5 7. Nc3 e5 8. Qb3 e4 9. Nd4 Nb6 10. a4 a5 11. bxa5 Rxa5 12. Bb5+ Bd7 13. O-O Bd6 14. Bxd7+ Nfxd7 15. Ndb5 Be5 16. Ba3 Nc4 17. Bb4 Nxd2 18. Qxd5 Rxb5 19. Nxb5 Nxf1 20. Rxf1 Qb8 21. Rd1 Nf6 22. Qc5 Bxh2+ 23. Kf1 Qe5 24. Qc8# 1-0

[Event "Early-Titled-Tuesday-Blitz-September-12-2023"]
[Site "Chess.com"]
[Date "2023.09.12"]
[Round "1"]
[White "Tejas_Rama"]
[Black "bardiya_Daneshvar"]
[Result "0-1"]
[WhiteElo "2510"]
[BlackElo "2925"]
[TimeControl "180+1"]
[EndTime "8:05:17 PDT"]
[Termination "bardiya_Daneshvar won by resignation"]

1. d4 d6 2. c4 c6 3. Nf3 Na6 4. g3 Nc7 5. Bg2 g6 6. O-O Bg7 7. Nc3 Nh6 8. e4 f6 9. Re1 Nf7 10. Be3 O-O 11. Qc2 e5 12. Rad1 Qe7 13. b4 a6 14. Na4 Bg4 15. dxe5 fxe5 16. Rd2 Ne6 17.
c5 Bxf3 18. Bxf3 Nd4 19. Bxd4 exd4 20. Bg2 a5 21. Nb6 axb4 22. Nxa8 Rxa8 23. cxd6 Nxd6 24. e5 Nb5 25. Qb3+ Kh8 26. e6 Nc3 27. Rb2 c5 28. Qc4 Rd8 29. a3 b5 30. Qb3 d3 31. axb4 c4 32. Qa3 d2 33. Rxd2 Rxd2 34. Qa8+ Bf8 35. Ra1 Rd8 36. Qc6 Ne2+ 37. Kh1 Nd4 38. Qe4 Qxe6 39.
Rd1 Qxe4 40. Bxe4 Bxb4 0-1

[Event "Early-Titled-Tuesday-Blitz-September-12-2023"]
[Site "Chess.com"]
[Date "2023.09.12"]
[Round "1"]
[White "semchik73"]
[Black "GaiozNigalidze"]
[Result "0-1"]
[WhiteElo "2404"]
[BlackElo "2712"]
[TimeControl "180+1"]
[EndTime "8:05:18 PDT"]
[Termination "GaiozNigalidze won by resignation"]

1. Nf3 Nf6 2. c4 e6 3. d4 d5 4. Nc3 Be7 5. Bg5 O-O 6. e3 Ne4 7. Bxe7 Qxe7 8. Bd3 Nxc3 9. bxc3 dxc4 10. Bxc4 b6 11. O-O Bb7 12. Qe2 Nd7 13. e4 e5 14.
Bd5 Bxd5 15. exd5 e4 16. Nd2 Rae8 17. Rfe1 Nf6 18. f3 e3 19. Nf1 Nxd5 20. c4 Nf4 21. Qxe3 Qg5 22. Qd2 Nh3+ 23. Kh1 Qxd2 24. Nxd2 Nf2+ 25.
Kg1 Nd3 26. Rxe8 Rxe8 27. Kf1 f6 28. Nb3 Kf7 29. Rd1 Nb4 30. a3 Nc2 31. Rd2 Nxa3 32. Ra2 Nxc4 33. Rxa7 Re7 34. d5 Ne3+ 35. Kf2 Nxd5 36.
Nd4 c5 0-1

[Event "Early-Titled-Tuesday-Blitz-September-12-2023"]
[Site "Chess.com"]
[Date "2023.09.12"]
[Round "1"]
[White "kleopl"]
[Black "vladislavkovalev"]
[Result "1-0"]
[WhiteElo "2514"]
[BlackElo "2888"]
[TimeControl "180+1"]
[EndTime "8:05:24 PDT"]
[Termination "kleopl won by resignation"]

1. e4 e5 2. Nf3 Nc6 3. Bc4 Nf6 4. d3 Be7 5. O-O d6 6. Re1 Na5 7. Nbd2 O-O 8. h3 Re8 9. a4 Nxc4 10. Nxc4 Be6 11.
Ne3 Bf8 12. b3 g6 13. Ng5 Bd7 14. Nf3 Bg7 15. Ba3 h6 16. Qd2 Be6 17. a5 d5 18.
exd5 Nxd5 19. Nxd5 Bxd5 20. Rad1 Bxf3 21. gxf3 Qh4 22. Kg2 f5 23. Qb4 Qg5+ 24. Kh1 Qh5 25. Kg2 Rad8 26. Bb2 e4 27. Qc4+ Kh7 28. Qxc7 Qxf3+ 29. Kg1 Rg8 30. Bxg7 Rc8 31. Qxb7 Rxg7 32. Qxc8 g5 33. dxe4 fxe4 34. Qg4 1-0

[Event "Early-Titled-Tuesday-Blitz-September-12-2023"]
[Site "Chess.com"]
[Date "2023.09.12"]
[Round "1"]
[White "Triumphmate"]
[Black "wonderfultime"]
[Result "0-1"]
[WhiteElo "2525"]
[BlackElo "2997"]
[TimeControl "180+1"]
[EndTime "8:05:25 PDT"]
[Termination "wonderfultime won on time"]

1. e4 c5 2. Nf3 Nf6 3. Nc3 d5 4. exd5 Nxd5 5. d4 Nxc3 6. bxc3 e6 7. Bd3 Be7 8. O-O O-O 9. Rb1 Nc6 10. Be3 cxd4 11. cxd4 b6 12. c4 Bb7 13. Rb5 Bf6 14. Ne5 Rc8 15. c5 g6 16. cxb6 axb6 17. Qb3 Nxd4 18. Bxd4 Qxd4 19. Nf3 Bxf3 20. gxf3 Rc3 0-1

[Event "Early-Titled-Tuesday-Blitz-September-12-2023"]
[Site "Chess.com"]
[Date "2023.09.12"]
[Round "1"]
[White "Zkid"]
[Black "SHIVACalypso"]
[Result "1-0"]
[WhiteElo "2883"]
[BlackElo "2489"]
[TimeControl "180+1"]
[EndTime "8:05:29 PDT"]
[Termination "Zkid won by resignation"]

1. e4 e6 2. d4 d5 3. Nd2 f5 4.
exd5 exd5 5. Ndf3 Nf6 6. Bf4 Bd6 7. Bxd6 Qxd6 8. Bd3 O-O 9. Ne2 Ne4 10. O-O Nd7 11.
c3 Ndf6 12. Ne5 Be6 13. f3 Ng5 14. Nf4 Nf7 15. Re1 Rae8 16. Qc2 Nxe5 17. Rxe5 Bd7 18.
Rae1 Rxe5 19. Rxe5 g6 20. Qe2 Re8 21. Nxd5 Rxe5 22. Nxf6+ Qxf6 23. Qxe5 Qxe5 24. dxe5 Be6 25. a3 f4 26. h4 Bd5 27. Kf2 Kf7 28. g3 fxg3+ 29.
Kxg3 Ke6 30. f4 c5 31. Kg4 c4 32. Bf1 b5 33. Kg5 Be4 34. Bh3+ Kd5 35. e6 Kd6 36. Kf6 Bc6 37. e7 Be8 38. Be6 a5 39.
Bf7 Kd7 40. Bg8 1-0

[Event "Early-Titled-Tuesday-Blitz-September-12-2023"]
[Site "Chess.com"]
[Date "2023.09.12"]
[Round "1"]
[White "VSanduleac"]
[Black "Hikaru"]
[Result "0-1"]
[WhiteElo "2537"]
[BlackElo "3249"]
[TimeControl "180+1"]
[EndTime "8:05:30 PDT"]
[Termination "Hikaru won by resignation"]

1. e4 a6 2. d4 c6 3. Bd3 d5 4. c3 g6 5. Nf3 dxe4 6. Bxe4 Bg7 7. O-O Bg4 8. h3 Nf6 9. Bc2 Bf5 10. Bf4 Bxc2 11. Qxc2 Nbd7 12. Nbd2 O-O 13. Rfe1 Re8 14. Ne5 Nxe5 15. Bxe5 Bf8 16. Bxf6 exf6 17. Nf3 Bd6 18. Qd2 Qd7 19. Rxe8+ Rxe8 20. Re1 Rd8 21. a3 Kg7 22. Qe2 h5 23. h4 c5 24. g3 b5 25. Kg2 cxd4 26. Nxd4 Bc5 27. Rd1 Re8 28. Qf3 Qe7 29. Nb3 Ba7 30. Nd4 Bc5 31. Qc6 Qe4+ 32. Qxe4 Rxe4 33. Kf3 Re5 34. Nb3 Rf5+ 35. Ke4 Bxf2 36.
Nd4 Bxd4 37. Rxd4 Rf2 38. b4 f5+ 39. Ke3 Rg2 40. Kf3 Ra2 41. c4 Rxa3+ 42. Kg2 bxc4 43.
Rxc4 Re3 44. Rc6 Re6 45. Rc5 Rb6 46. Ra5 f6 47. Kf3 Kf7 48. Kg2 Ke6 49. Kf3 Kd6 50.
Ke3 Kc6 51. Kd3 Kb7 52. Kc4 Rc6+ 53. Kd4 Rd6+ 54. Kc4 Kb6 55. Ra3 Re6 56. Rd3 Re4+ 57. Kb3 Rg4 58. Rd6+ Kb5 59. Rd5+ Kc6 60. Rd3 f4 61. gxf4 Rxf4 0-1

[Event "Early-Titled-Tuesday-Blitz-September-12-2023"]
[Site "Chess.com"]
[Date "2023.09.12"]
[Round "1"]
[White "marcodobrikov"]
[Black "Goi_Manne"]
[Result "1-0"]
[WhiteElo "2626"]
[BlackElo "2316"]
[TimeControl "180+1"]
[EndTime "8:05:31 PDT"]
[Termination "marcodobrikov won by checkmate"]

1. c4 c6 2. Nf3 d5 3. e3 Nf6 4. b3 g6 5. Bb2 Bg7 6. Nc3 O-O 7. Qc2 Bf5 8. d3 Nbd7 9. Be2 Re8 10. O-O e5 11.
Qd2 e4 12. Nd4 exd3 13. Bxd3 Bxd3 14. Qxd3 Ne5 15. Qe2 dxc4 16. bxc4 Qb6 17. Rab1 Qa6 18. c5 Qxe2 19. Ncxe2 Nd3 20. Ba3 Rab8 21. Rb3 Ne5 22. Rfb1 Re7 23. f4 Nc4 24. Nxc6 bxc6 25. Rxb8+ Bf8 26.
Bc1 Nxe3 27. Nd4 Neg4 28. Bb2 Kg7 29. Nxc6 Rc7 30. Ne5 Bxc5+ 31. Kf1 Ne3+ 32. Ke2 Nxg2 33. Ng4 Nxf4+ 34. Kf3 Nh5 35. Rc1 Bd6 36. Rxc7 Bxc7 37.
Rb7 Bb6 38. a4 h6 39. Rd7 Bc5 40. Rc7 Bb4 41. Rc6 Be7 42. Rc7 Bd6 43. Rxa7 Bb4 44. a5 g5 45. Ra6 Be7 46. Rc6 Kg6 47. a6 Kf5 48. Nxh6+ Kg6 49. Ng8 Kf5 50. Nxe7# 1-0

[Event "Early-Titled-Tuesday-Blitz-September-12-2023"]
[Site "Chess.com"]
[Date "2023.09.12"]
[Round "1"]
[White "verrbaa"]
[Black "Gareth-Bale11"]
[Result "0-1"]
[WhiteElo "2450"]
[BlackElo "2779"]
[TimeControl "180+1"]
[EndTime "8:05:39 PDT"]
[Termination "Gareth-Bale11 won by resignation"]

1. e4 e5 2. Nf3 Nc6 3. Bb5 a6 4. Ba4 Nf6 5. O-O Bc5 6. c3 O-O 7. d4 Ba7 8. Re1 b5 9. Bb3 d6 10. h3 h6 11. a4 Bb7 12. a5 Re8 13. d5 Ne7 14. Bc2 c6 15. dxc6 Bxc6 16. Be3 Bxe3 17. Rxe3 Ng6 18. Nbd2 Nf4 19. Kh2 Qd7 20. Nf1 d5 21.
exd5 N6xd5 22. Re1 Nxg2 23. Nxe5 Qc7 24. Qd3 Nf6 25.
f4 Nxf4 26. Qg3 Rxe5 27. Qxf4 Re2+ 28. Rxe2 Qxf4+ 29. Ng3 Nh5 30. Rg1 Nxg3 31. Rxg3 Qf1 0-1

[Event "Early-Titled-Tuesday-Blitz-September-12-2023"]
[Site "Chess.com"]
[Date "2023.09.12"]
[Round "1"]
[White "AndresDelgado77"]
[Black "hellokostya"]
[Result "0-1"]
[WhiteElo "2294"]
[BlackElo "2610"]
[TimeControl "180+1"]
[EndTime "8:05:40 PDT"]
[Termination "hellokostya won on time"]

1. e4 c5 2. Nf3 Nc6 3. b4 Nxb4 4. c3 Nc6 5. d4 d5 6. exd5 Qxd5 7. Be2 Bf5 8. O-O e6 9. c4 Qd7 10. d5 Nb4 11.
Ne5 Bc2 12. Qd2 Qc7 13. Bb2 Bd6 14. Qg5 f6 15. Bh5+ g6 16. Nxg6 fxg5 17. Nf4+ Bg6 18. Nxe6 Qf7 19. Bxg6 hxg6 20. Bxh8 Qh7 0-1

[Event "Early-Titled-Tuesday-Blitz-September-12-2023"]
[Site "Chess.com"]
[Date "2023.09.12"]
[Round "1"]
[White "AradNazari"]
[Black "Jackalhead_Anubis"]
[Result "1-0"]
[WhiteElo "2743"]
[BlackElo "2416"]
[TimeControl "180+1"]
[EndTime "8:05:42 PDT"]
[Termination "AradNazari won by checkmate"]

1. e4 e5 2. f4 d5 3. exd5 exf4 4.
Nf3 Nf6 5. Bb5+ c6 6. dxc6 Nxc6 7. Nc3 Bb4 8. a3 Bxc3 9. Qe2+ Kd7 10. dxc3 Re8 11.
Ne5+ Kc7 12. Bxf4 Nd5 13. Bg3 Kb6 14. Nc4+ Kxb5 15. a4+ Ka6 16. Ne3+ Kb6 17. Qb5# 1-0

[Event "Early-Titled-Tuesday-Blitz-September-12-2023"]
[Site "Chess.com"]
[Date "2023.09.12"]
[Round "1"]
[White "Maksimus1998"]
[Black "dadice10"]
[Result "1-0"]
[WhiteElo "2564"]
[BlackElo "2210"]
[TimeControl "180+1"]
[EndTime "8:05:42 PDT"]
[Termination "Maksimus1998 won by resignation"]

1. d4 d5 2. Nf3 Nf6 3. e3 g6 4. c4 Bg7 5. Nc3 O-O 6. cxd5 Nxd5 7. Bc4 Nb6 8. Bb3 c5 9. O-O cxd4 10. exd4 Bg4 11.
d5 N8d7 12. h3 Bxf3 13. Qxf3 Nc5 14. Rd1 Nxb3 15. axb3 Nc8 16. Be3 b6 17. Bd4 Nd6 18. Bxg7 Kxg7 19. Rd4 Qd7 20. Rad1 Rac8 21. Qe2 Rfd8 22.
Qe5+ Kg8 23. Ne4 Nxe4 24. Rxe4 Rc5 25. Qxe7 Qxe7 26. Rxe7 Rcxd5 27. Rxd5 Rxd5 28. Rxa7 Rb5 29. Ra3 Kf8 30. Kf1 Ke7 31. Ke2 Ke6 32. Kd3 Kd5 33. Kc3 Ke6 34. Ra4 Kd6 35. Rb4 Kc6 36. Rxb5 Kxb5 37. b4 f5 38. g3 Kc6 39. Kc4 b5+ 40. Kd4 Kd6 41. f3 h6 42. g4 f4 43. h4 g5 44. hxg5 hxg5 45. Ke4 Ke6 46. b3 Kf6 47.
Kd5 Ke7 48. Ke5 1-0

[Event "Early-Titled-Tuesday-Blitz-September-12-2023"]
[Site "Chess.com"]
[Date "2023.09.12"]
[Round "1"]
[White "zano2023"]
[Black "FoxOnTheRun97"]
[Result "0-1"]
[WhiteElo "2070"]
[BlackElo "2548"]
[TimeControl "180+1"]
[EndTime "8:05:43 PDT"]
[Termination "FoxOnTheRun97 won by checkmate"]

1. d4 Nf6 2. Nd2 c5 3. e3 d5 4. Ngf3 Nc6 5. c3 cxd4 6. exd4 Bf5 7. Qa4 Nd7 8. Bb5 Qc7 9. O-O e6 10. Re1 Bd6 11. h3 O-O 12. Qd1 a6 13. Ba4 Ne7 14.
Bc2 b5 15. a3 a5 16. Nf1 b4 17. axb4 axb4 18. Rxa8 Rxa8 19. Bd2 Ra2 20. Qb1 b3 21. Bxf5 Nxf5 22. Be3 Qa5 23. N1d2 Qa4 24. g4 Nxe3 25. fxe3 Nb6 26. Kg2 Nc4 27. Nxc4 Qxc4 28. Nd2 Qb5 29.
h4 Ba3 30. bxa3 Rxd2+ 31. Kf3 b2 32. Qa2 h6 33. a4 Qd3 34. Qb3 Qe4+ 35. Kg3 Rg2+ 36.
Kh3 Qxg4# 0-1

[Event "Early-Titled-Tuesday-Blitz-September-12-2023"]
[Site "Chess.com"]
[Date "2023.09.12"]
[Round "1"]
[White "biesiadnik"]
[Black "Ariadna_Atreides"]
[Result "1-0"]
[WhiteElo "2571"]
[BlackElo "2222"]
[TimeControl "180+1"]
[EndTime "8:05:45 PDT"]
[Termination "biesiadnik won by resignation"]

1. e4 c6 2. Nf3 d5 3. Nc3 dxe4 4. Nxe4 Nf6 5. Qe2 Nxe4 6. Qxe4 Qd5 7. Qh4 Qf5 8. Bd3 Qf6 9. Qg3 Nd7 10. O-O Nc5 11. Bc4 Bf5 12. d3 e6 13. Bg5 Qg6 14. Nh4 Qh5 15. Nxf5 exf5 16. Rfe1+ Ne6 17. Bxe6 fxe6 18. Rxe6+ Kf7 19. Rae1 h6 20. Be7 Re8 21. Bxf8 Rhxf8 22. Qe5 1-0

[Event "Early-Titled-Tuesday-Blitz-September-12-2023"]
[Site "Chess.com"]
[Date "2023.09.12"]
[Round "1"]
[White "Artem_Sadovsky"]
[Black "JiiHart"]
[Result "1-0"]
[WhiteElo "2553"]
[BlackElo "2122"]
[TimeControl "180+1"]
[EndTime "8:05:45 PDT"]
[Termination "Artem_Sadovsky won on time"]

1. Nf3 Nf6 2. e3 e6 3. c4 c5 4.
b3 b6 5. Bb2 Bb7 6. d4 d5 7.
cxd5 exd5 8. Nc3 Be7 9. Be2 O-O 10. O-O Nc6 11. dxc5 bxc5 12. Rc1 d4 13. exd4 Nxd4 14. Nxd4 cxd4 15. Na4 Re8 16. Qxd4 Qxd4 17. Bxd4 Ba3 18. Rce1 Bc6 19. Bc4 Bxa4 20. bxa4 Ne4 21. Bd5 Nd2 22.
Bxa8 Rxa8 23. Re3 Nxf1 24. Rxa3 Nd2 25. Rg3 g6 26. Rd3 Ne4 27. Be3 Kg7 28. f3 1-0

[Event "Early-Titled-Tuesday-Blitz-September-12-2023"]
[Site "Chess.com"]
[Date "2023.09.12"]
[Round "1"]
[White "only_strong_moves"]
[Black "Azerichess"]
[Result "0-1"]
[WhiteElo "2530"]
[BlackElo "3063"]
[TimeControl "180+1"]
[EndTime "8:05:46 PDT"]
[Termination "Azerichess won by resignation"]

1. d4 Nf6 2. c4 e5 3. dxe5 Ng4 4.
e4 Nxe5 5. f4 Nec6 6. Nc3 Bc5 7.
Nf3 O-O 8. a3 d6 9. b4 Bb6 10. Qc2 Bg4 11. Nd5 Nd4 12. Nxd4 Bxd4 13. Bb2 Bxb2 14. Qxb2 Re8 15. Bd3 f5 16. e5 dxe5 17. fxe5 c6 18. Nf4 g5 19. Bxf5 Bxf5 20.
Nh5 Bg6 21. O-O Bxh5 22. Rae1 Re6 23. Qc2 Nd7 24. Qf5 Qe7 25. Rf2 Rf8 0-1

[Event "Early-Titled-Tuesday-Blitz-September-12-2023"]
[Site "Chess.com"]
[Date "2023.09.12"]
[Round "1"]
[White "Schattman"]
[Black "AvitalBor"]
[Result "0-1"]
[WhiteElo "2462"]
[BlackElo "2815"]
[TimeControl "180+1"]
[EndTime "8:05:46 PDT"]
[Termination "AvitalBor won by resignation"]

1. Nf3 d5 2. d4 g6 3. g3 Bg7 4.
Bg2 c5 5. c3 Nf6 6. O-O O-O 7.
Bf4 Ne4 8. Nbd2 cxd4 9. cxd4 Nc6 10. Nxe4 dxe4 11. Ne5 Nxd4 12. Bxe4 Bh3 13. Re1 Qb6 14. Nd3 Rac8 15. Be3 Rfd8 16. Qa4 Bd7 17. Bxd4 Bxd4 18. Qa3 Bb5 19. e3 Bf6 20. Nf4 e6 21. Rac1 Ba6 22. Rxc8 Rxc8 23. b3 Qd8 24. Qb4 Bc3 0-1

[Event "Early-Titled-Tuesday-Blitz-September-12-2023"]
[Site "Chess.com"]
[Date "2023.09.12"]
[Round "1"]
[White "Gyulamiryan-koryun"]
[Black "DrDreBeats"]
[Result "0-1"]
[WhiteElo "2003"]
[BlackElo "2546"]
[TimeControl "180+1"]
[EndTime "8:05:47 PDT"]
[Termination "DrDreBeats won on time"]

1. e4 d5 2. exd5 Qxd5 3. Nc3 Qa5 4. d4 Nf6 5. Bd2 Bg4 6. Be2 Bxe2 7. Qxe2 Nc6 8. Nf3 O-O-O 9. Nb5 Qb6 10. c3 a6 11. d5 Nxd5 12. Nbd4 Nxd4 13. Nxd4 Qxb2 14.
O-O Nxc3 15. Bxc3 Qxc3 16. Nb3 e6 17. Rac1 Qb4 18. Qe5 Bd6 19. Qe3 Qf4 20. Qxf4 Bxf4 21. Rc3 Be5 22. Rc4 Rd7 23. h3 Rhd8 24. g3 Rd1 25.
Rxd1 Rxd1+ 26. Kg2 b5 27. Rc5 Bd6 28. Rh5 h6 29.
Rh4 Rd5 30. Re4 c5 0-1

[Event "Early-Titled-Tuesday-Blitz-September-12-2023"]
[Site "Chess.com"]
[Date "2023.09.12"]
[Round "1"]
[White "RamonManon0g"]
[Black "Mesa_1"]
[Result "0-1"]
[WhiteElo "2316"]
[BlackElo "2626"]
[TimeControl "180+1"]
[EndTime "8:05:48 PDT"]
[Termination "Mesa_1 won by resignation"]

1. e4 e5 2. Nf3 Nc6 3. Bc4 Bc5 4. c3 Nf6 5. d4 exd4 6. e5 d5 7. Bb5 Ne4 8. cxd4 Bb4+ 9. Nbd2 O-O 10. O-O Ne7 11. Nxe4 dxe4 12. Ng5 Bf5 13. Bc4 Ba5 14. Qb3 Bg6 15. Be3 Bb6 16. Rad1 Nc6 17. e6 Qe7 18.
exf7+ Kh8 19. Ne6 Na5 20. Qc3 Nxc4 21. Nxf8 Bxf7 22. Nxh7 Kxh7 23. Bf4 Nd6 24. Be5 Kg8 25. f3 Qxe5 26. fxe4 Qxe4 27. Rfe1 Qd5 28. Re5 Qxe5 0-1

[Event "Early-Titled-Tuesday-Blitz-September-12-2023"]
[Site "Chess.com"]
[Date "2023.09.12"]
[Round "1"]
[White "Hananmo"]
[Black "hansen"]
[Result "0-1"]
[WhiteElo "2490"]
[BlackElo "2887"]
[TimeControl "180+1"]
[EndTime "8:05:52 PDT"]
[Termination "hansen won by resignation"]

1. e4 e5 2. Nf3 Nc6 3. d4 exd4 4.
Nxd4 Bc5 5. Nxc6 Qf6 6. Qf3 dxc6 7. Nc3 Be6 8. Be3 Bb4 9. Bd2 O-O-O 10. Bd3 Ne7 11.
Qxf6 gxf6 12. a3 Bd6 13. O-O-O h5 14. f4 h4 15. Be2 Rdg8 16. Bf3 Bg4 17. Rhe1 Bxf3 18.
gxf3 Ng6 19. Ne2 h3 20. Bc3 Be7 21. Rg1 Nh4 22. Rdf1 Rg2 23. Ng3 Nxf3 0-1

[Event "Early-Titled-Tuesday-Blitz-September-12-2023"]
[Site "Chess.com"]
[Date "2023.09.12"]
[Round "1"]
[White "Frolyanov_D"]
[Black "Akylbek2021"]
[Result "1-0"]
[WhiteElo "2630"]
[BlackElo "2320"]
[TimeControl "180+1"]
[EndTime "8:05:52 PDT"]
[Termination "Frolyanov_D won on time"]

1. d4 Nf6 2. c4 c5 3. d5 e6 4. Nc3 exd5 5. cxd5 g6 6. Nf3 d6 7. Bf4 Bg7 8. Nd2 O-O 9. e4 Re8 10.
Be2 Na6 11. O-O Nc7 12. a4 Rb8 13. Re1 a6 14. a5 h6 15. h3 Bf8 16. Qc2 Nd7 17.
Nc4 Qf6 18. Bh2 b5 19. axb6 Nxb6 20. Na5 Bd7 21. Rad1 Nb5 22. Nxb5 axb5 23. Nc6 Bxc6 24. dxc6 Na4 25. c7 Rb7 26. Bxb5 Rxb5 27. Qxa4 Qxb2 28.
e5 dxe5 29. Rd8 1-0

[Event "Early-Titled-Tuesday-Blitz-September-12-2023"]
[Site "Chess.com"]
[Date "2023.09.12"]
[Round "1"]
[White "charlescandycampbell"]
[Black "mamey78"]
[Result "1-0"]
[WhiteElo "2298"]
[BlackElo "2552"]
[TimeControl "180+1"]
[EndTime "8:05:52 PDT"]
[Termination "charlescandycampbell won by resignation"]

1. d4 d5 2. Nf3 Nf6 3. c4 c6 4. cxd5 cxd5 5. Nc3 Nc6 6. Bf4 a6 7. e3 Bg4 8. Be2 Bxf3 9. Bxf3 e6 10. O-O Bd6 11.
Bxd6 Qxd6 12. Rc1 b5 13. a4 b4 14. Nb1 O-O 15. Nd2 Na5 16. Rc5 Nb7 17. Rc1 e5 18.
Nb3 e4 19. Be2 Nd8 20. Qd2 Ne6 21. Rc2 Rac8 22. Rfc1 Rxc2 23. Rxc2 Rb8 24. Nc5 a5 25. Bb5 Nc7 26. Be2 Ne6 27. b3 Rc8 28. Nb7 Rxc2 29. Qxc2 Qb6 30. Qc8+ Nf8 31. Bb5 h5 32. h3 h4 33. Qc6 Qa7 34. Qa6 Qb8 35. Nxa5 Ne6 36. Nc6 Qd6 37. Qa5 g5 38. Qxb4 Qc7 39. Qe7 1-0

[Event "Early-Titled-Tuesday-Blitz-September-12-2023"]
[Site "Chess.com"]
[Date "2023.09.12"]
[Round "1"]
[White "KononenkoD"]
[Black "jimmy-schlumpf"]
[Result "1/2-1/2"]
[WhiteElo "2584"]
[BlackElo "2294"]
[TimeControl "180+1"]
[EndTime "8:05:54 PDT"]
[Termination "Game drawn by repetition"]

1. e4 Nf6 2. e5 Nd5 3. Nc3 Nxc3 4. dxc3 Nc6 5. Nf3 d6 6. Bc4 dxe5 7. Qxd8+ Nxd8 8. Nxe5 f6 9. Nd3 e5 10. Be3 Be6 11.
Bxe6 Nxe6 12. O-O-O Be7 13. Nb4 c6 14. f3 Bc5 15. Bxc5 Nxc5 16. Nd3 Nxd3+ 17. cxd3 O-O-O 18. Kc2 Rhe8 19. Rhe1 Kc7 20. Re3 Rd5 21. Rde1 Red8 22. g4 c5 23. b3 h6 24. h4 a5 25. a4 Kc6 26. Rg1 b6 27. g5 hxg5 28. hxg5 Rh8 29. Re2 Rh3 30. Rf2 f5 31. Re1 Kd6 32. Rg1 g6 33. Rgg2 Ke6 34. Rg1 Rd7 35. Re1 Rd5 36. Rg1 Rd7 37. Rgg2 Rh4 38. Rg1 Rh3 1/2-1/2

[Event "Early-Titled-Tuesday-Blitz-September-12-2023"]
[Site "Chess.com"]
[Date "2023.09.12"]
[Round "1"]
[White "Iball95"]
[Black "cthulhuuu"]
[Result "1-0"]
[WhiteElo "2786"]
[BlackElo "2454"]
[TimeControl "180+1"]
[EndTime "8:05:55 PDT"]
[Termination "Iball95 won by checkmate"]

1. e4 d6 2. d4 Nf6 3. Nc3 c6 4. Nf3 Bg4 5. h3 Bh5 6. g4 Bg6 7. Qe2 e6 8. h4 h5 9. g5 Nfd7 10. d5 cxd5 11. exd5 e5 12. Bh3 Be7 13. Be3 O-O 14.
O-O-O Qa5 15. Nd2 a6 16. f4 exf4 17. Bxf4 Ne5 18. Bxe5 dxe5 19. Qxe5 Bb4 20. Nc4 Qc5 21. Qd4 Rd8 22. Qxc5 Bxc5 23. Na4 b5 24. Nxc5 bxc4 25. Rhe1 a5 26. d6 Na6 27. Nxa6 Rxa6 28. d7 Kf8 29.
Rd5 a4 30. Rc5 a3 31. Rc8 axb2+ 32. Kxb2 Ra8 33. Re8+ Rxe8 34. dxe8=Q# 1-0